 Dungeon Crawl Stone Soup version 0.21.1-1-g345015f (webtiles) character file.

3761 palestrina the Fighter (level 9, -3/102 HPs)
             Began as a Grey Draconian Transmuter on Apr 22, 2018.
             Was an Elder of Ru.
             Slain by a seven-headed hydra (9 damage)
             ... on level 1 of the Lair of Beasts.
             The game lasted 00:47:52 (13140 turns).

palestrina the Fighter (Grey Draconian Transmuter) Turns: 13140, Time: 00:47:53

Health: -3/102     AC:  6    Str: 18    XL:     9   Next: 94%
Magic:  8/12       EV: 10    Int: 16    God:    Ru [****..]
Gold:   501        SH:  0    Dex: 11    Spells: 2/12 levels left

rFire    x . .     SeeInvis .     - Unarmed
rCold    + + +     Gourm    .   (shield currently unavailable)
rNeg     . . .     Faith    .   (armour unavailable)
rPois    +         Spirit   .   (helmet currently unavailable)
rElec    .         Reflect  .   (cloak currently unavailable)
rCorr    .         Harm     +   (gloves currently unavailable)
MR       .....                  (boots currently unavailable)
Stlth    +.........             j - amulet of harm
HPRegen  0.27/turn              L - +4 ring of strength
MPRegen  0.13/turn              p - ring of wizardry

@: ice-form, very slightly contaminated, invisible
A: large, (walk through water), unfitting armour, inability to use devices,
inexperienced 1, AC +12
a: End Transformation, Draw Out Power, Power Leap, Renounce Religion


You were on level 1 of the Lair of Beasts.
You worshipped Ru.
Ru was greatly pleased with you.
You were not hungry.
You were a creature of crystalline ice.
You visited 3 branches of the dungeon, and saw 11 of its levels.
You also visited: Ossuary.

You collected 501 gold pieces.

Inventory:

Hand Weapons
 f - a +0 hunting sling
 n - a +0 hand axe
 A - a +0 quarterstaff
 C - a +1 blowgun
Missiles
 a - 234 arrows
 e - 58 poisoned needles
 l - 302 stones (quivered)
 u - 91 sling bullets
 B - 6 poisoned javelins
Armour
 o - a +2 pair of boots (melded)
 M - a +1 pair of gloves (melded)
Jewellery
 j - an amulet of harm (around neck)
 p - a ring of wizardry (right front paw)
 J - an uncursed ring of protection from magic
 K - an uncursed ring of flight
 L - a +4 ring of strength (left front paw)
Wands
 G - a wand of iceblast (22)
 H - a wand of acid (5)
 N - a wand of paralysis (14)
 P - a wand of digging (11)
Scrolls
 g - 3 scrolls of fear
 h - 6 scrolls of remove curse
 m - a scroll of amnesia
 r - 2 scrolls of teleportation
 s - 4 scrolls of magic mapping
 t - a scroll of immolation
 y - a scroll of identify
Potions
 d - a potion of magic
 i - 4 potions of heal wounds
 k - 3 potions of curing
 q - 2 potions of mutation
 v - 6 potions of lignification
 w - a potion of haste
 x - a potion of brilliance
 D - 2 potions of berserk rage
 E - a potion of agility {unknown}
 O - 2 potions of flight {unknown}
 Q - a potion of resistance {unknown}
Books
 b - a book of Changes

   Spells                             Type                      Level
   a - Beastly Appendage              Transmutation                1
   b - Sticks to Snakes               Transmutation                2
   c - Spider Form                    Transmutation/Poison         3
   d - Ice Form                       Ice/Transmutation            4
   e - Blade Hands                    Transmutation                5
Comestibles
 c - 12 rations


   Skills:
 + Level 9.9 Fighting
 - Level 1.7 Dodging
 + Level 9.6 Unarmed Combat
 - Level 2.0 Spellcasting
 + Level 9.3 Transmutations


You had 2 spell levels left.
You knew the following spells:

 Your Spells              Type           Power        Failure   Level  Hunger
a - Beastly Appendage     Tmut           ####..       1%          1    #......
b - Sticks to Snakes      Tmut           ####....     1%          2    ###....
c - Spider Form           Tmut/Pois      ###.......   3%          3    ###....
d - Ice Form              Ice/Tmut       ###.....     12%         4    #####..


Dungeon Overview and Level Annotations

Branches:
Dungeon (9/15)             Temple (1/1) D:6            Lair (1/6) D:9
    Orc: D:9-12

Altars:
Ashenzari
Cheibriados
Dithmenos
Elyvilon
Fedhas
Gozag
Hepliaklqana
Kikubaaqudgha
Makhleb
Nemelex Xobeh
Okawaru
Qazlal
Ru
Sif Muna
Trog
Uskayaw
Vehumet
Wu Jian
Xom
Yredelemnul
Zin
The Shining One

Shops:
D:4 (   D:6 :


Innate Abilities, Weirdness & Mutations

((You can walk through water.))
((Your dull iron-grey scales are very hard. (AC +12)))
You cannot fit into any form of body armour.
((You can survive without breathing.))
((You are cold-blooded and may be slowed by cold attacks.))
You cannot study or use magical devices.
You are somewhat inexperienced. (-2 XL)


Message History

The seven-headed hydra bites you! The seven-headed hydra bites you.
* * * LOW HITPOINT WARNING * * *
The seven-headed hydra bites you!
* * * LOW HITPOINT WARNING * * *
The seven-headed hydra bites you!
* * * LOW HITPOINT WARNING * * *
The seven-headed hydra bites you.
* * * LOW HITPOINT WARNING * * *
You feel much better.
The seven-headed hydra barely misses you.
The seven-headed hydra bites you.
* * * LOW HITPOINT WARNING * * *
The seven-headed hydra bites you.
* * * LOW HITPOINT WARNING * * *
The seven-headed hydra barely misses you.
The seven-headed hydra bites you but does no damage.
The seven-headed hydra bites you!
* * * LOW HITPOINT WARNING * * *
The seven-headed hydra bites you!
You die...

#........Y....##
##.###..#......####
###
######.......#####
#.#.........##
####Y........##
#.....####.#
#Y....# ###
###D....##
#Y#Y.....#
##DY###.## ##.###
##.# #.## #.# #.#
#.# ### ###


You could see a seven-headed hydra and a yak.

Vanquished Creatures
  A two-headed ogre (D:8)
  Pikel (D:5)
  A troll (D:9)
  2 hippogriffs
  2 yaks
  A water moccasin (D:7)
  An ice beast (D:5)
  3 orc warriors
  A black bear (D:8)
  3 sky beasts
  A necrophage (D:8)
  A hornet zombie (D:8)
  A phantom (D:7)
  3 ogres
  8 centaurs
  Blork the orc (D:5)
  A bullfrog (D:9)
  2 wyvern zombies
  A gnoll sergeant (D:8)
  A water moccasin zombie (D:6)
  A scorpion (D:5)
  5 killer bees (D:7)
  2 howler monkeys
  3 crimson imps
  2 centaur zombies
  A quasit (D:6)
  A bullfrog skeleton (D:9)
  A gnoll shaman (D:5)
  3 hounds
  2 jellies
  5 orc priests
  A centaur skeleton (D:8)
  9 orc wizards
  5 worker ants
  Natasha (twice) (D:2)
  An iguana (D:6)
  A big kobold zombie (Ossuary)
  A hound zombie (D:6)
  3 mummies (Ossuary)
  9 adders
  12 gnolls
  2 shadow imps
  An ooze (D:2)
  2 adder zombies
  3 worms
  2 dart slugs (D:1)
  5 leopard geckos
  40 orcs
  2 giant cockroaches
  5 goblins
  11 hobgoblins
  8 jackals
  A quokka (D:7)
  3 ball pythons
  4 bats (D:1)
  3 frilled lizards
  2 gnoll zombies (Ossuary)
  A goblin zombie (Ossuary)
  A hobgoblin zombie (Ossuary)
  A jackal zombie (D:5)
  6 kobolds
  A kobold zombie (Ossuary)
  A leopard gecko zombie (D:7)
  An orc zombie (Ossuary)
  3 rats
215 creatures vanquished.

Vanquished Creatures (collateral kills)
  Natasha (D:2)
1 creature vanquished.

Vanquished Creatures (others)
  2 slaves (D:5)
  An ogre (D:8)
  2 gnolls (D:5)
  An orc (D:5)
6 creatures vanquished.

Grand Total: 222 creatures vanquished

Notes
Turn   | Place    | Note
-------+----------+-------------------------------------------
     0 | D:1      | palestrina the Draconian Transmuter began the quest for the Orb.
     0 | D:1      | Reached XP level 1. HP: 16/16 MP: 3/3
   262 | D:1      | Reached XP level 2. HP: 17/23 MP: 5/5
   374 | D:1      | Learned a level 2 spell: Sticks to Snakes
  1163 | D:2      | Noticed Natasha
  1174 | D:2      | Killed Natasha
  1174 | D:2      | Reached XP level 3. HP: 13/30 MP: 6/6
  1556 | D:2      | Noticed Natasha
  1563 | D:2      | Learned a level 3 spell: Spider Form
  1570 | D:2      | Killed Natasha
  1570 | D:2      | Reached XP level 4. HP: 36/37 MP: 5/7
  2118 | D:2      | Noticed Natasha
  2126 | D:2      | Killed Natasha
  2624 | D:3      | Reached XP level 5. HP: 43/45 MP: 4/8
  3161 | D:4      | Noticed an ogre
  3166 | D:4      | Killed an ogre
  3236 | D:4      | Noticed a two-headed ogre
  3545 | D:4      | Reached XP level 6. HP: 50/52 MP: 9/9
  3623 | D:4      | Found Vets's Antique Weapon Shoppe.
  3649 | D:4      | Reached skill level 5 in Unarmed Combat
  4071 | D:5      | Entered Level 5 of the Dungeon
  4183 | D:5      | Noticed Blork the orc
  4191 | D:5      | Killed Blork the orc
  4391 | D:5      | Your scales start taking on a dull iron-grey colour.
  4391 | D:5      | Reached XP level 7. HP: 60/60 MP: 6/10
  4391 | D:5      | Gained mutation: You can survive without breathing. [Grey Draconian growth]
  4762 | D:4      | Reached skill level 5 in Fighting
  4762 | D:4      | Reached skill level 5 in Transmutations
  4904 | D:5      | Learned a level 4 spell: Ice Form
  5306 | D:5      | Noticed Pikel
  5323 | D:5      | Killed Pikel
  5323 | D:5      | Reached XP level 8. HP: 34/71 MP: 8/11
  5528 | D:5      | Found a shimmering altar of Xom.
  5528 | D:5      | Found a glowing golden altar of the Shining One.
  5529 | D:5      | Found a stormy altar of Qazlal.
  5730 | D:5      | Found a bloodstained altar of Trog.
  5976 | D:6      | Found Xotac's Book Boutique.
  6008 | D:6      | Found a staircase to the Ecumenical Temple.
  6500 | Temple   | Entered the Ecumenical Temple
  6705 | Temple   | Became a worshipper of Ru the Awakened
  7815 | D:7      | Reached XP level 9. HP: 79/79 MP: 8/12
  8609 | D:7      | Gained mutation: You are somewhat inexperienced. (-2 XL) [Ru sacrifice]
  8609 | D:7      | Reached XP level 8. HP: 74/74 MP: 11/11
  8609 | D:7      | Reached XP level 7. HP: 67/67 MP: 10/10
  8609 | D:7      | Reached * piety under Ru
  8609 | D:7      | Reached ** piety under Ru
  9285 | D:7      | Reached XP level 8. HP: 61/74 MP: 7/11
 10441 | D:8      | Noticed a hippogriff
 10458 | D:8      | Killed a hippogriff
 10494 | D:8      | Found a sand-covered staircase.
 10503 | D:8      | Reached XP level 9. HP: 31/83 MP: 10/12
 10509 | Ossuary  | Entered an ossuary
 11365 | D:8      | Noticed a two-headed ogre
 11375 | D:8      | Killed a two-headed ogre
 11765 | D:9      | Found a hide-covered altar of Uskayaw.
 11997 | D:9      | Noticed a troll
 12000 | D:9      | Killed a troll
 12147 | D:9      | Found a staircase to the Lair.
 12303 | D:9      | Gained mutation: You cannot study or use magical devices. [Ru sacrifice]
 12303 | D:9      | Reached *** piety under Ru
 12303 | D:9      | Reached **** piety under Ru
 12926 | Lair:1   | Entered Level 1 of the Lair of Beasts
 12994 | Lair:1   | Noticed a seven-headed hydra
 13139 | Lair:1   | HP: 3/102 [seven-headed hydra (14)]
 13139 | Lair:1   | HP: 1/102 [seven-headed hydra (2)]
 13140 | Lair:1   | Slain by a seven-headed hydra

Skill      XL: |  1  2  3  4  5  6  7  8  9 |
---------------+----------------------------+-----
Fighting       | 2 3 4 8 9 |  9.9
Transmutations | 3 4 6 8 9 |  9.3
Unarmed Combat | 4 5 8 7 9 |  9.6
Dodging        | |  1.7
Spellcasting   | |  2.0

Action                   |  1- 3 |  4- 6 |  7- 9 || total
-------------------------+-------+-------+-------++-------
Melee: Short sword       |    54 |       |       ||    54
       Unarmed           |    15 |    37 |   393 ||   445
       Tailslap          |    10 |    10 |    38 ||    58
       Headbutt          |     2 |       |       ||     2
       Mace              |    10 |       |       ||    10
       Hand axe          |    26 |    42 |       ||    68
       Punch             |     1 |       |     5 ||     6
       Kick              |     2 |       |       ||     2
       Quarterstaff      |       |    42 |   259 ||   301
 Fire: Hunting sling     |       |    18 |     9 ||    27
       Blowgun           |       |     6 |       ||     6
Throw: Stone             |       |     3 |     1 ||     4
 Cast: Beastly Appendage |     5 |       |       ||     5
       Sticks to Snakes  |     1 |     3 |       ||     4
       Spider Form       |       |    12 |    31 ||    43
       Ice Form          |       |       |     9 ||     9
Invok: Sacrifice Experie |       |       |     1 ||     1
       Sacrifice Artific |       |       |     1 ||     1
  Use: Scroll            |     3 |     3 |    16 ||    22
       Potion            |       |       |     5 ||     5
 Stab: Distracted        |       |       |     3 ||     3
       Invisible         |       |       |     3 ||     3
  Eat: Chunk             |     2 |     7 |    26 ||    35
       Ration            |       |     1 |     3 ||     4
Armor: Skin              |    42 |    27 |   155 ||   224
Dodge: Dodged            |    90 |    96 |   425 ||   611
